 Dungeon Crawl Stone Soup version 0.31.0-9-g3a7656b989 (webtiles) character file.

Game seed: 17191443580511684948

18066 qw the Nimble (level 12, -3/60 HPs)
             Began as a Spriggan Hunter on Feb 2, 2024.
             Was a High Priest of Okawaru.
             Slain by a six-headed hydra (12 damage)
             ... on level 2 of the Lair of Beasts.
             The game lasted 00:01:28 (10518 turns).

qw the Nimble (Spriggan Hunter)                    Turns: 10518, Time: 00:01:29

Health: -3/60      AC:  7    Str:  7    XL:     12   Next: 24%
Magic:  19/20      EV: 31    Int: 11    God:    Okawaru [*****.]
Gold:   532        SH:  0    Dex: 23    Spells: 11/11 levels left

rFire   + . .        n - +0 orcbow
rCold   . . .        (shield currently unavailable)
rNeg    . . .        l - +2 robe {Will+}
rPois   +            (helmet restricted)
rElec   .            t - +2 cloak
rCorr   .            (gloves unavailable)
SInv    +            (boots unavailable)
Will    +++..        k - amulet of faith
Stlth   ++           s - ring of poison resistance
HPRegen 0.30/turn    (no ring)
MPRegen 0.17/turn

%: faith
@: finesse-ful, marked, very quick
A: very small, no large weapons, unfitting armour, see invisible, speed 3, fire
resistance 1, sense surroundings 1, wild magic 1
a: Renounce Religion, Heroism, Finesse, Duel


You were on level 2 of the Lair of Beasts.
You worshipped Okawaru.
Okawaru was extremely pleased with you.
You visited 3 branches of the dungeon, and saw 12 of its levels.
You also visited: Sewer.

You collected 1481 gold pieces.
You spent 949 gold pieces at shops.


Innate Abilities, Weirdness & Mutations

You are very small and have problems with some larger weapons.
You are too small for most types of armour.
You have supernaturally acute eyesight. (SInv)
You cover ground extremely quickly. (Speed+++)
Your flesh is heat resistant. (rF+)
You passively map a small area around you.
Your spells are a little harder to cast, but a little more powerful.


   Skills:
 - Level 5.0 Fighting
 + Level 13.5 Ranged Weapons
 - Level 14.0 Dodging
 - Level 1.5 Stealth
 - Level 10.1 Invocations


You had 11 spell levels left.
You didn't know any spells.
Your spell library was empty.

Inventory:

Hand Weapons
 n - a +0 orcbow (weapon)
Armour
 l - a +2 robe of willpower (worn)
 t - a +2 cloak (worn)
Jewellery
 k - an amulet of faith (around neck)
 o - an amulet of reflection
 p - a ring of poison resistance
 s - a ring of poison resistance (left hand)
Wands
 c - a wand of iceblast (13)
 g - a wand of charming (10)
Potions
 a - a potion of ambrosia {unknown}
 b - 4 potions of enlightenment
 d - a potion of might
 e - 3 potions of cancellation
 f - 5 potions of curing
 h - 2 potions of haste
 i - a potion of degeneration {unknown}
 m - a potion of brilliance {unknown}
 r - 2 potions of resistance
 u - 2 potions of magic

Dungeon Overview and Level Annotations

Branches:
Dungeon (9/15)             Temple (1/1) D:5            Lair (2/5) D:9
  Sewer (visited)
  Swamp: Lair:2-3    Shoals: Lair:2-3     Snake: Lair:2-3    Spider: Lair:2-3
    Orc: D:9-12

Altars:
Ashenzari
Cheibriados
Dithmenos
Elyvilon
Fedhas
Hepliaklqana
Kikubaaqudgha
Makhleb
Nemelex Xobeh
Okawaru
Qazlal
Sif Muna
Trog
Uskayaw
Vehumet
Wu Jian
Xom
Yredelemnul
Zin
The Shining One
Ignis

Shops:
D:7 ((   D:8 !!   D:9 *


Message History

You shoot an arrow. The arrow barely misses the harpy.
The arrow hits the black mamba!
The black mamba is moderately wounded.
The harpy claws you. The harpy completely misses you.
You shoot an arrow. The arrow hits the harpy!
You kill the harpy!
Okawaru accepts your kill.
You can now enter into single combat with a foe.
Okawaru will now gift you throwing weapons as you gain piety.
You shoot an arrow. The arrow hits the harpy!!
The harpy is heavily wounded.
The harpy completely misses you. x2
You shoot an arrow. The arrow hits the harpy!
The harpy is severely wounded.
The harpy misses you. The harpy completely misses you.
You shoot an arrow. The arrow hits the harpy.
The harpy is almost dead.
The harpy completely misses you. The harpy misses you.
You shoot an arrow.
The arrow hits the harpy but does no damage.
The harpy is almost dead.
The harpy completely misses you. The harpy claws you!
You shoot an arrow. The arrow hits the harpy!
You kill the harpy!
Okawaru accepts your kill.
Your Invocations skill increases to level 10!
You shoot an arrow.
The arrow hits the black mamba but does no damage.
The black mamba is moderately wounded.
You shoot an arrow. The arrow hits the six-headed hydra!
The six-headed hydra is lightly wounded.
You shoot an arrow. The arrow hits the six-headed hydra!
The six-headed hydra is moderately wounded.
You shoot an arrow. The arrow hits the six-headed hydra!
The six-headed hydra is heavily wounded.
You shoot an arrow. The arrow hits the six-headed hydra.
The six-headed hydra is heavily wounded.
The six-headed hydra closely misses you.
The six-headed hydra misses you. The six-headed hydra bites you!
You die...

, #......#. ..... , ,
..P..#..# .P..P. ,. ,
#.......### ....#
,.#. * *
..........##..P####..
Fl............# ....
.P#P?..#...####..#
##.#%#.%## ..., #
#..>l####.#.##
,.###.#.#.FSSD@....#
.......<...S##.#.## *
, ......#.#...# ## *
..........).#
..#..#>!##..# #
#.##..##..# ,
#.........#
*#PP...P... * *
####..PP#..,


You could see a six-headed hydra, a komodo dragon, 2 black mambas, a cane toad
and a water moccasin.

Vanquished Creatures
  2 catoblepae (Lair:1)
  Erica (D:8)
  A boulder beetle (Lair:1)
  A two-headed ogre (D:9)
  A death yak (Lair:1)
  Nergalle (Lair:1)
  Pikel (D:4)
  3 harpies (Lair:2)
  A torpor snail (Lair:1)
  A cane toad (Lair:1)
  2 komodo dragons
  A polar bear (Lair:1)
  3 blink frogs (Lair:1)
  Sigmund (D:3)
  28 yaks
  2 wyverns
  A wraith (D:9)
  2 steam dragons
  8 water moccasins
  3 ice beasts
  3 orc warriors
  7 black bears
  A sky beast (D:5)
  5 wolves (Lair:1)
  An ogre (D:6)
  3 lemures (D:4)
  2 centaurs (D:7)
  3 kobold brigands
  10 bullfrogs
  2 scorpions
  14 killer bees
  3 electric eels (D:7)
  4 howler monkeys
  A bombardier beetle (D:3)
  A crimson imp (D:3)
  A jelly (D:6)
  3 hounds (D:6)
  An orc priest (D:5)
  Jessica (D:2)
  A sleepcap (D:7)
  Ijyb (D:5)
  4 iguanas
  Natasha (thrice) (D:2)
  5 orc wizards
  6 gnolls
  9 adders
  A river rat (Sewer)
  A shadow imp (D:6)
  A white imp (D:7)
  2 ufetubi (D:5)
  5 dart slugs
  3 ribbon worms
  14 orcs
  5 endoplasms
  4 giant cockroaches
  8 goblins
  A hobgoblin (D:4)
  5 jackals
  2 quokkas
  3 training dummies (D:7)
  6 ball pythons
  9 bats
  5 frilled lizards
  A goblin skeleton (D:3)
  A hobgoblin zombie (D:3)
  20 kobolds
  2 kobold skeletons (D:3)
  2 kobold zombies (D:3)
  2 orc skeletons (D:3)
  4 orc zombies (D:3)
  9 rats
275 creatures vanquished.

Notes
Turn   | Place    | Note
-------+----------+-------------------------------------------
     0 | D:1      | qw the Spriggan Hunter began the quest for the Orb.
     0 | D:1      | Reached XP level 1. HP: 10/10 MP: 2/2
     0 | D:1      | 0 ||| qw: Version: 0.3-a-155-g5e7d8dd
     0 | D:1      | 0 ||| qw: Game counter: 2022
     0 | D:1      | 0 ||| qw: Melee chars always use a shield: true
     0 | D:1      | 0 ||| qw: God list: Okawaru
     0 | D:1      | 0 ||| qw: Allow faded altars: false
     0 | D:1      | 0 ||| qw: Do Orc after clearing Dungeon:15 true
     0 | D:1      | 0 ||| qw: Do second Lair branch before Depths: true
     0 | D:1      | 0 ||| qw: Lair rune preference: random
     0 | D:1      | 0 ||| qw: Goals: Normal
     0 | D:1      | 0 ||| PLANNING D:1-11
    13 | D:1      | Found a faded altar of an unknown god.
    29 | D:1      | Reached skill level 3 in Dodging
    99 | D:1      | Reached XP level 2. HP: 14/14 MP: 3/3
   135 | D:1      | Reached skill level 4 in Dodging
   270 | D:1      | You fall into a shaft and drop 1 floor!
   323 | D:2      | Reached XP level 3. HP: 18/18 MP: 4/4
   341 | D:2      | Noticed a black bear
   345 | D:2      | 345 ||| RETREEEEATING.
   346 | D:2      | 346 ||| RETREEEEATING.
   347 | D:2      | 347 ||| RETREEEEATING.
   348 | D:2      | 348 ||| RETREEEEATING.
   349 | D:2      | 349 ||| RETREEEEATING.
   351 | D:2      | 351 ||| RETREEEEATING.
   351 | D:2      | Noticed Natasha
   353 | D:2      | 353 ||| RETREEEEATING.
   355 | D:2      | 355 ||| RETREEEEATING.
   356 | D:2      | 356 ||| RETREEEEATING.
   357 | D:2      | 357 ||| RETREEEEATING.
   358 | D:2      | 358 ||| RETREEEEATING.
   361 | D:2      | 361 ||| RETREEEEATING.
   362 | D:2      | 362 ||| RETREEEEATING.
   363 | D:2      | 363 ||| RETREEEEATING.
   364 | D:2      | Killed a black bear
   365 | D:2      | Reached XP level 4. HP: 22/22 MP: 5/5
   373 | D:2      | 373 ||| DROPPING scroll of butterflies.
   394 | D:2      | Killed Natasha
   395 | D:2      | Reached XP level 5. HP: 19/25 MP: 6/6
   820 | D:2      | Noticed Jessica
   825 | D:2      | Killed Jessica
   826 | D:2      | Reached skill level 5 in Dodging
   886 | D:2      | Noticed Natasha
   892 | D:2      | Killed Natasha
  1084 | D:2      | Noticed Natasha
  1087 | D:2      | 1087 ||| FLEEEEING.
  1090 | D:2      | Killed Natasha
  1091 | D:2      | Reached skill level 6 in Ranged Weapons
  1190 | D:2      | 1190 ||| READING scroll labelled UREDWI WEHODGHASYNG.
  1190 | D:2      | 1190 ||| ENCHANTING +0 shortbow.
  1191 | D:2      | 1191 ||| READING scroll labelled XUILUNL XI HIEMN.
  1292 | D:2      | 1292 ||| DRINKING 3 fuming emerald potions.
  1293 | D:2      | 1293 ||| DROPPING 2 potions of invisibility.
  1302 | D:3      | 1302 ||| STAIRDANCE
  1307 | D:3      | 1307 ||| STAIRDANCE
  1311 | D:3      | 1311 ||| STAIRDANCE
  1320 | D:3      | 1320 ||| STAIRDANCE
  1345 | D:3      | 1345 ||| STAIRDANCE
  1358 | D:3      | Reached XP level 6. HP: 27/30 MP: 7/7
  1419 | D:3      | Found an ornate altar of the Wu Jian Council.
  1551 | D:3      | Noticed Sigmund
  1558 | D:3      | Killed Sigmund
  1559 | D:3      | Reached skill level 7 in Dodging
  1739 | D:3      | Reached XP level 7. HP: 35/35 MP: 8/8
  1882 | D:3      | Found a glowing golden altar of the Shining One.
  2185 | D:3      | 2185 ||| UPGRADING to +0 robe of willpower.
  2195 | D:3      | 2195 ||| DROPPING +0 robe.
  2196 | D:3      | 2196 ||| READING scroll labelled XOMICW GAFFOQOA.
  2199 | D:3      | 2199 ||| READING scroll labelled XIUSTR XYAGHAV GEN.
  2200 | D:3      | 2200 ||| READING scroll labelled REWNIU UDEULO.
  2201 | D:3      | 2201 ||| READING scroll labelled BIFRUOMUISY.
  2201 | D:3      | 2201 ||| IDENTIFYING smoky amethyst potion
  2202 | D:3      | 2202 ||| READING scroll labelled XAEGRO VECZIONGOD.
  2202 | D:3      | Identified a scroll of acquirement
  2202 | D:3      | 2202 ||| ACQUIRING 923 gold pieces
  2202 | D:3      | Acquired 923 gold pieces
  2204 | D:3      | 2204 ||| DRINKING 2 green potions.
  2205 | D:3      | 2205 ||| DRINKING 2 grey potions.
  2236 | D:3      | 2236 ||| DROPPING potion of lignification.
  2295 | D:4      | 2295 ||| PLANNING SEWER
  2409 | D:4      | Found a glowing drain.
  2410 | D:4      | 2410 ||| READING scroll labelled DYUFAEDGHORE.
  2423 | Sewer    | Entered a sewer
  2608 | Sewer    | Found a glowing silver altar of Zin.
  2652 | D:4      | 2652 ||| PLANNING D:1-11
  2708 | D:4      | Noticed Pikel
  2709 | D:4      | 2709 ||| RETREEEEATING.
  2712 | D:4      | 2712 ||| RETREEEEATING.
  2714 | D:4      | 2714 ||| RETREEEEATING.
  2715 | D:4      | 2715 ||| RETREEEEATING.
  2717 | D:4      | 2717 ||| RETREEEEATING.
  2718 | D:4      | 2718 ||| RETREEEEATING.
  2720 | D:4      | 2720 ||| RETREEEEATING.
  2721 | D:4      | 2721 ||| RETREEEEATING.
  2722 | D:4      | 2722 ||| RETREEEEATING.
  2724 | D:4      | 2724 ||| RETREEEEATING.
  2725 | D:4      | 2725 ||| RETREEEEATING.
  2726 | D:4      | 2726 ||| RETREEEEATING.
  2728 | D:4      | 2728 ||| RETREEEEATING.
  2729 | D:4      | 2729 ||| RETREEEEATING.
  2730 | D:4      | 2730 ||| RETREEEEATING.
  2732 | D:4      | 2732 ||| RETREEEEATING.
  2733 | D:4      | 2733 ||| RETREEEEATING.
  2735 | D:4      | 2735 ||| RETREEEEATING.
  2736 | D:4      | 2736 ||| RETREEEEATING.
  2737 | D:4      | 2737 ||| RETREEEEATING.
  2767 | D:4      | HP: 1/35 [lemure[Pikel] (9)]
  2768 | D:4      | 2768 ||| DRINKING potion of heal wounds.
  2836 | D:4      | Found a basalt altar of Yredelemnul.
  2963 | D:4      | 2963 ||| RETREEEEATING.
  2966 | D:4      | 2966 ||| RETREEEEATING.
  2967 | D:4      | 2967 ||| RETREEEEATING.
  2978 | D:4      | Killed Pikel
  2979 | D:4      | Reached skill level 9 in Ranged Weapons
  2979 | D:4      | Reached XP level 8. HP: 33/39 MP: 9/9
  3241 | D:5      | Entered Level 5 of the Dungeon
  3366 | D:5      | Reached skill level 3 in Fighting
  3382 | D:5      | Found a blossoming altar of Fedhas.
  3407 | D:5      | 3407 ||| FLEEEEING.
  3411 | D:5      | 3411 ||| FLEEEEING.
  3446 | D:5      | Reached skill level 8 in Dodging
  3448 | D:5      | 3448 ||| FLEEEEING.
  3449 | D:5      | 3449 ||| FLEEEEING.
  3452 | D:5      | 3452 ||| FLEEEEING.
  3555 | D:5      | HP: 10/40 [poisoned by an adder]
  3581 | D:5      | 3581 ||| FLEEEEING.
  3582 | D:5      | 3582 ||| FLEEEEING.
  3583 | D:5      | 3583 ||| FLEEEEING.
  3584 | D:5      | 3584 ||| FLEEEEING.
  3585 | D:5      | 3585 ||| FLEEEEING.
  3586 | D:5      | 3586 ||| FLEEEEING.
  3587 | D:5      | 3587 ||| FLEEEEING.
  3593 | D:5      | 3593 ||| FLEEEEING.
  3594 | D:5      | 3594 ||| FLEEEEING.
  3595 | D:5      | 3595 ||| FLEEEEING.
  3598 | D:5      | 3598 ||| FLEEEEING.
  3599 | D:5      | 3599 ||| FLEEEEING.
  3600 | D:5      | 3600 ||| FLEEEEING.
  3601 | D:5      | 3601 ||| FLEEEEING.
  3602 | D:5      | 3602 ||| FLEEEEING.
  3605 | D:5      | 3605 ||| FLEEEEING.
  3606 | D:5      | 3606 ||| FLEEEEING.
  3798 | D:5      | Found a staircase to the Ecumenical Temple.
  3799 | D:5      | 3799 ||| PLANNING TEMPLE
  3799 | D:5      | 3799 ||| READING scroll labelled YHO IMA TYH.
  3808 | Temple   | Entered the Ecumenical Temple
  3809 | Temple   | 3809 ||| PLANNING OKAWARU WORSHIP
  3819 | Temple   | Became a worshipper of Warmaster Okawaru
  3820 | Temple   | 3820 ||| PLANNING D:1-11
  4037 | D:5      | Noticed Ijyb
  4050 | D:5      | Killed Ijyb
  4195 | D:5      | 4195 ||| FLEEEEING.
  4196 | D:5      | 4196 ||| FLEEEEING.
  4198 | D:5      | 4198 ||| FLEEEEING.
  4200 | D:5      | 4200 ||| FLEEEEING.
  4201 | D:5      | 4201 ||| FLEEEEING.
  4202 | D:5      | 4202 ||| FLEEEEING.
  4203 | D:5      | 4203 ||| FLEEEEING.
  4204 | D:5      | 4204 ||| FLEEEEING.
  4206 | D:5      | 4206 ||| FLEEEEING.
  4207 | D:5      | 4207 ||| FLEEEEING.
  4212 | D:5      | Reached skill level 9 in Dodging
  4408 | D:5      | 4408 ||| DROPPING scarf of shadows.
  4409 | D:5      | 4409 ||| READING scroll labelled ASHRAET ROPSAO.
  4688 | D:6      | HP: 8/40 [iguana (13)]
  4723 | D:6      | 4723 ||| FLEEEEING.
  4724 | D:6      | 4724 ||| FLEEEEING.
  4725 | D:6      | 4725 ||| FLEEEEING.
  4729 | D:6      | 4729 ||| FLEEEEING.
  4730 | D:6      | 4730 ||| FLEEEEING.
  4731 | D:6      | 4731 ||| FLEEEEING.
  4732 | D:6      | 4732 ||| FLEEEEING.
  4733 | D:6      | 4733 ||| FLEEEEING.
  4734 | D:6      | 4734 ||| FLEEEEING.
  4735 | D:6      | 4735 ||| FLEEEEING.
  4736 | D:6      | 4736 ||| FLEEEEING.
  4737 | D:6      | 4737 ||| FLEEEEING.
  4744 | D:6      | 4744 ||| FLEEEEING.
  4745 | D:6      | 4745 ||| FLEEEEING.
  4746 | D:6      | 4746 ||| FLEEEEING.
  4747 | D:6      | 4747 ||| FLEEEEING.
  4748 | D:6      | 4748 ||| FLEEEEING.
  4750 | D:6      | 4750 ||| FLEEEEING.
  4751 | D:6      | 4751 ||| FLEEEEING.
  4752 | D:6      | 4752 ||| FLEEEEING.
  4753 | D:6      | 4753 ||| FLEEEEING.
  4754 | D:6      | 4754 ||| FLEEEEING.
  4758 | D:6      | 4758 ||| FLEEEEING.
  4759 | D:6      | 4759 ||| FLEEEEING.
  4760 | D:6      | 4760 ||| FLEEEEING.
  4780 | D:6      | Reached XP level 9. HP: 19/44 MP: 10/10
  4934 | D:6      | Reached * piety under Okawaru
  5196 | D:6      | Reached skill level 1 in Invocations
  5236 | D:6      | Reached skill level 10 in Dodging
  5322 | D:6      | 5322 ||| UPGRADING to +2 robe of willpower.
  5332 | D:6      | 5332 ||| DROPPING +0 robe of willpower.
  5333 | D:6      | 5333 ||| DROPPING wand of flame (13).
  5478 | D:7      | Reached skill level 3 in Invocations
  5478 | D:7      | HP: 11/45 [something (4)]
  5479 | D:7      | HP: 4/45 [something (7)]
  5644 | D:7      | Found Layvyz's Weapon Emporium.
  5728 | D:7      | Found Vyfim's Firing Range.
  5741 | D:7      | 5741 ||| RETREEEEATING.
  5744 | D:7      | 5744 ||| RETREEEEATING.
  5747 | D:7      | 5747 ||| RETREEEEATING.
  5748 | D:7      | 5748 ||| RETREEEEATING.
  5754 | D:7      | 5754 ||| INVOKING Heroism.
  5780 | D:7      | HP: 11/45 [poisoned by a killer bee]
  6072 | D:7      | Reached ** piety under Okawaru
  6171 | D:7      | 6171 ||| READING scroll of enchant weapon.
  6171 | D:7      | 6171 ||| ENCHANTING +1 shortbow.
  6190 | D:7      | Reached skill level 11 in Dodging
  6346 | D:7      | 6346 ||| SWAPPING to +0 orcbow.
  6350 | D:7      | 6350 ||| DROPPING +2 shortbow.
  6393 | D:7      | 6393 ||| UPGRADING to amulet of faith.
  6398 | D:7      | 6398 ||| DRINKING 2 smoky cyan potions.
  6398 | D:7      | Gained mutation: You are vulnerable to cold. (rC-) [potion
                  | of mutation]
  6398 | D:7      | Gained mutation: You are agile. (Dex +4, Str/Int -1)
                  | [potion of mutation]
  6399 | D:7      | 6399 ||| DRINKING potion of mutation.
  6399 | D:7      | Lost mutation: You are vulnerable to cold. (rC-) [potion of
                  | mutation]
  6399 | D:7      | Lost mutation: You are agile. (Dex +4, Str/Int -1) [potion
                  | of mutation]
  6399 | D:7      | Gained mutation: Your flesh is heat resistant. (rF+)
                  | [potion of mutation]
  6399 | D:7      | Gained mutation: Your spells are a little harder to cast,
                  | but a little more powerful. [potion of mutation]
  6399 | D:7      | Gained mutation: You passively map a small area around you.
                  | [potion of mutation]
  6433 | D:8      | Noticed Erica
  6434 | D:8      | 6434 ||| INVOKING Heroism.
  6461 | D:8      | 6461 ||| INVOKING Heroism.
  6463 | D:8      | Killed Erica
  6464 | D:8      | Reached XP level 10. HP: 16/49 MP: 11/14
  6704 | D:8      | 6704 ||| RETREEEEATING.
  6706 | D:8      | 6706 ||| RETREEEEATING.
  6707 | D:8      | 6707 ||| RETREEEEATING.
  6778 | D:8      | Found Ranysif's Distillery.
  6790 | D:8      | 6790 ||| BUYING potion of cancellation (96 gold).
  6790 | D:8      | Bought a potion of cancellation for 96 gold pieces
  6790 | D:8      | 6790 ||| BUYING potion of curing (36 gold).
  6790 | D:8      | Bought a potion of curing for 36 gold pieces
  6790 | D:8      | 6790 ||| BUYING potion of enlightenment (60 gold).
  6790 | D:8      | Bought a potion of enlightenment for 60 gold pieces
  6790 | D:8      | 6790 ||| BUYING potion of resistance (120 gold).
  6790 | D:8      | Bought a potion of resistance for 120 gold pieces
  6932 | D:8      | Reached skill level 12 in Dodging
  6978 | D:8      | 6978 ||| READING scroll of acquirement.
  6978 | D:8      | 6978 ||| ACQUIRING ring of poison resistance
  6978 | D:8      | Acquired a ring of poison resistance
  6980 | D:8      | 6980 ||| UPGRADING to ring of poison resistance.
  7003 | D:8      | Reached *** piety under Okawaru
  7078 | D:8      | Found Fipeec's Distillery.
  7089 | D:8      | Found a hide-covered altar of Uskayaw.
  7101 | D:8      | 7101 ||| BUYING potion of cancellation (88 gold).
  7101 | D:8      | Bought a potion of cancellation for 88 gold pieces
  7101 | D:8      | 7101 ||| BUYING potion of haste (110 gold).
  7101 | D:8      | Bought a potion of haste for 110 gold pieces
  7101 | D:8      | 7101 ||| BUYING potion of magic (88 gold).
  7101 | D:8      | Bought a potion of magic for 88 gold pieces
  7101 | D:8      | 7101 ||| BUYING potion of magic (88 gold).
  7101 | D:8      | Bought a potion of magic for 88 gold pieces
  7197 | D:8      | 7197 ||| UPGRADING to +0 cloak.
  7202 | D:8      | 7202 ||| READING scroll labelled TOKHUIHORA.
  7203 | D:8      | 7203 ||| READING scroll labelled HIQIOSHR LEGHARCH.
  7203 | D:8      | 7203 ||| ENCHANTING +0 cloak.
  7204 | D:8      | 7204 ||| DRINKING 2 golden potions.
  7205 | D:8      | 7205 ||| DROPPING potion of attraction.
  7262 | D:9      | 7262 ||| RETREEEEATING.
  7263 | D:9      | 7263 ||| RETREEEEATING.
  7271 | D:9      | 7271 ||| FLEEEEING.
  7272 | D:9      | 7272 ||| FLEEEEING.
  7273 | D:9      | 7273 ||| FLEEEEING.
  7274 | D:9      | 7274 ||| STAIRDANCE
  7394 | D:9      | HP: 1/49 [komodo dragon (19)]
  7395 | D:9      | 7395 ||| READING scroll of teleportation.
  7396 | D:9      | 7396 ||| DRINKING 3 potions of heal wounds.
  7398 | D:9      | 7398 ||| DRINKING 2 potions of heal wounds.
  7398 | D:9      | Found a staircase to the Lair.
  7444 | D:9      | Reached skill level 12 in Ranged Weapons
  7455 | D:9      | HP: 12/49 [wyvern (15)]
  7456 | D:9      | 7456 ||| DRINKING potion of heal wounds.
  7459 | D:9      | Reached **** piety under Okawaru
  7637 | D:9      | Found Sittipir's Mayhem Merchandise.
  7722 | D:9      | 7722 ||| BUYING wand of iceblast (3) (79 gold).
  7722 | D:9      | Bought a wand of iceblast (3) for 79 gold pieces
  7722 | D:9      | 7722 ||| BUYING wand of iceblast (7) (184 gold).
  7722 | D:9      | Bought a wand of iceblast (7) for 184 gold pieces
  7752 | D:9      | 7752 ||| INVOKING Finesse.
  7754 | D:9      | Noticed a two-headed ogre
  7766 | D:9      | Killed a two-headed ogre
  7918 | D:9      | Found a burning altar of Makhleb.
  7919 | D:9      | Found a glowing silver altar of Zin.
  8159 | D:9      | Found a white marble altar of Elyvilon.
  8282 | D:9      | 8282 ||| READING scroll of enchant armour.
  8282 | D:9      | 8282 ||| ENCHANTING +1 cloak.
  8441 | D:9      | 8441 ||| PLANNING LAIR
  8466 | Lair:1   | Entered Level 1 of the Lair of Beasts
  8526 | Lair:1   | Noticed a catoblepas
  8527 | Lair:1   | 8527 ||| INVOKING Finesse.
  8537 | Lair:1   | 8537 ||| Stepping ~*~*~tactically~*~*~ (cloud).
  8542 | Lair:1   | Killed a catoblepas
  8542 | Lair:1   | Reached ***** piety under Okawaru
  8543 | Lair:1   | Reached skill level 6 in Invocations
  8543 | Lair:1   | Reached XP level 11. HP: 55/55 MP: 11/16
  8639 | Lair:1   | 8639 ||| RETREEEEATING.
  8640 | Lair:1   | 8640 ||| RETREEEEATING.
  8641 | Lair:1   | 8641 ||| RETREEEEATING.
  8642 | Lair:1   | 8642 ||| RETREEEEATING.
  8646 | Lair:1   | 8646 ||| RETREEEEATING.
  8647 | Lair:1   | 8647 ||| RETREEEEATING.
  8648 | Lair:1   | 8648 ||| RETREEEEATING.
  8655 | Lair:1   | Reached skill level 13 in Dodging
  8658 | Lair:1   | 8658 ||| RETREEEEATING.
  8760 | Lair:1   | Noticed a boulder beetle
  8761 | Lair:1   | 8761 ||| INVOKING Finesse.
  8780 | Lair:1   | Killed a boulder beetle
  8841 | Lair:1   | Noticed a catoblepas
  8842 | Lair:1   | 8842 ||| INVOKING Finesse.
  8845 | Lair:1   | 8845 ||| Stepping ~*~*~tactically~*~*~ (cloud).
  8862 | Lair:1   | 8862 ||| Stepping ~*~*~tactically~*~*~ (cloud).
  8864 | Lair:1   | 8864 ||| Stepping ~*~*~tactically~*~*~ (cloud).
  8866 | Lair:1   | Killed a catoblepas
  8880 | Lair:1   | 8880 ||| FLEEEEING.
  8881 | Lair:1   | 8881 ||| FLEEEEING.
  8882 | Lair:1   | 8882 ||| FLEEEEING.
  8883 | Lair:1   | 8883 ||| FLEEEEING.
  8884 | Lair:1   | 8884 ||| FLEEEEING.
  8885 | Lair:1   | 8885 ||| FLEEEEING.
  8886 | Lair:1   | 8886 ||| FLEEEEING.
  8888 | Lair:1   | 8888 ||| FLEEEEING.
  8890 | Lair:1   | 8890 ||| FLEEEEING.
  8891 | Lair:1   | 8891 ||| STAIRDANCE
  9048 | Lair:1   | 9048 ||| RETREEEEATING.
  9049 | Lair:1   | 9049 ||| RETREEEEATING.
  9050 | Lair:1   | 9050 ||| RETREEEEATING.
  9051 | Lair:1   | 9051 ||| RETREEEEATING.
  9052 | Lair:1   | 9052 ||| RETREEEEATING.
  9053 | Lair:1   | 9053 ||| RETREEEEATING.
  9054 | Lair:1   | 9054 ||| RETREEEEATING.
  9055 | Lair:1   | 9055 ||| RETREEEEATING.
  9056 | Lair:1   | 9056 ||| RETREEEEATING.
  9057 | Lair:1   | 9057 ||| RETREEEEATING.
  9058 | Lair:1   | 9058 ||| RETREEEEATING.
  9059 | Lair:1   | 9059 ||| RETREEEEATING.
  9060 | Lair:1   | 9060 ||| RETREEEEATING.
  9070 | Lair:1   | 9070 ||| RETREEEEATING.
  9071 | Lair:1   | 9071 ||| RETREEEEATING.
  9072 | Lair:1   | 9072 ||| RETREEEEATING.
  9073 | Lair:1   | 9073 ||| RETREEEEATING.
  9074 | Lair:1   | 9074 ||| RETREEEEATING.
  9075 | Lair:1   | 9075 ||| RETREEEEATING.
  9080 | Lair:1   | 9080 ||| RETREEEEATING.
  9084 | Lair:1   | 9084 ||| RETREEEEATING.
  9085 | Lair:1   | 9085 ||| RETREEEEATING.
  9107 | Lair:1   | Received a gift from Okawaru
  9162 | Lair:1   | 9162 ||| RETREEEEATING.
  9163 | Lair:1   | 9163 ||| RETREEEEATING.
  9390 | Lair:1   | 9390 ||| RETREEEEATING.
  9395 | Lair:1   | 9395 ||| RETREEEEATING.
  9396 | Lair:1   | 9396 ||| RETREEEEATING.
  9397 | Lair:1   | 9397 ||| RETREEEEATING.
  9403 | Lair:1   | 9403 ||| INVOKING Finesse.
  9433 | Lair:1   | Noticed a death yak
  9461 | Lair:1   | 9461 ||| INVOKING Finesse.
  9466 | Lair:1   | Killed a death yak
  9475 | Lair:1   | HP: 13/55 [yak (14)]
  9517 | Lair:1   | Reached skill level 9 in Invocations
  9658 | Lair:1   | 9658 ||| RETREEEEATING.
  9659 | Lair:1   | 9659 ||| RETREEEEATING.
  9660 | Lair:1   | 9660 ||| RETREEEEATING.
  9661 | Lair:1   | 9661 ||| RETREEEEATING.
  9662 | Lair:1   | 9662 ||| RETREEEEATING.
  9663 | Lair:1   | 9663 ||| RETREEEEATING.
  9664 | Lair:1   | 9664 ||| RETREEEEATING.
  9665 | Lair:1   | 9665 ||| RETREEEEATING.
  9666 | Lair:1   | 9666 ||| RETREEEEATING.
  9667 | Lair:1   | 9667 ||| RETREEEEATING.
  9671 | Lair:1   | 9671 ||| INVOKING Finesse.
  9693 | Lair:1   | Reached skill level 14 in Dodging
  9710 | Lair:1   | HP: 13/55 [yak (6)]
  9714 | Lair:1   | Reached XP level 12. HP: 15/60 MP: 16/20
  9984 | Lair:1   | 9984 ||| INVOKING Finesse.
  9985 | Lair:1   | 9985 ||| INVOKING Heroism.
 10252 | Lair:1   | 10252 ||| DROPPING amulet of guardian spirit.
 10281 | Lair:2   | Noticed Nergalle
 10286 | Lair:2   | 10286 ||| INVOKING Finesse.
 10289 | Lair:2   | 10289 ||| STAIRDANCE
 10310 | Lair:1   | Killed Nergalle
 10465 | Lair:2   | Noticed a six-headed hydra
 10466 | Lair:2   | 10466 ||| RETREEEEATING.
 10468 | Lair:2   | 10468 ||| INVOKING Finesse.
 10481 | Lair:2   | 10481 ||| RETREEEEATING.
 10482 | Lair:2   | 10482 ||| RETREEEEATING.
 10483 | Lair:2   | 10483 ||| RETREEEEATING.
 10484 | Lair:2   | 10484 ||| RETREEEEATING.
 10485 | Lair:2   | 10485 ||| RETREEEEATING.
 10486 | Lair:2   | 10486 ||| RETREEEEATING.
 10487 | Lair:2   | 10487 ||| RETREEEEATING.
 10488 | Lair:2   | 10488 ||| RETREEEEATING.
 10489 | Lair:2   | 10489 ||| RETREEEEATING.
 10490 | Lair:2   | 10490 ||| RETREEEEATING.
 10491 | Lair:2   | 10491 ||| RETREEEEATING.
 10492 | Lair:2   | 10492 ||| RETREEEEATING.
 10493 | Lair:2   | 10493 ||| RETREEEEATING.
 10494 | Lair:2   | 10494 ||| RETREEEEATING.
 10495 | Lair:2   | 10495 ||| RETREEEEATING.
 10496 | Lair:2   | 10496 ||| RETREEEEATING.
 10497 | Lair:2   | 10497 ||| RETREEEEATING.
 10499 | Lair:2   | 10499 ||| RETREEEEATING.
 10500 | Lair:2   | 10500 ||| RETREEEEATING.
 10501 | Lair:2   | 10501 ||| RETREEEEATING.
 10502 | Lair:2   | 10502 ||| RETREEEEATING.
 10503 | Lair:2   | 10503 ||| RETREEEEATING.
 10512 | Lair:2   | HP: 8/60 [harpy (11)]
 10518 | Lair:2   | Slain by a six-headed hydra

Levels and vault maps discovered:
D:1:      giann_forest_graveyard, layout_basic,
          hellmonk_ecumenical_altar_arch_garden
D:2:      layout_rooms, chequers_serial_rivers_marsh, uniq_jessica, uniq_natasha
D:3:      cheibrodos_old_hovel, layout_loops_ring, nicolae_tso_besieged_by_evil,
          nzn_wu_jian_contemplation, grunt_ministairs_15,
          chequers_serial_rivers_micro_a, nicolae_elevator_lobby_asterisk,
          uniq_sigmund
D:4:      layout_basic, mainiacjoe_overflow_alcove_1,
          mainiacjoe_sewer_entry_somewhere_in_here_1, uniq_pikel
D:5:      layout_basic, mainiacjoe_overflow_chevrons,
          minmay_temple_entry_antechambers, palyth_stone_intersect,
          chequers_serial_rivers_large_a, uniq_ijyb
D:6:      layout_basic
D:7:      layout_rooms, serial_bayou, serial_bayou_shore_a, serial_bayou_pond_e,
          serial_bayou_pond_c, serial_bayou_pond_d, serial_shops,
          nicolae_shop_temple_entry_statues_fountains,
          serial_library_hellmonk_statue_hall, nicolae_shop_firing_range
D:8:      layout_basic, nicolae_uskayaw_murder_on_the_dancefloor, serial_shops,
          shop, shop, uniq_erica
D:9:      layout_roguey, bloody_makhleb, old_standard_altar,
          mainiacjoe_overflow_surrounded_room, due_lair_maze_entry_diamond,
          minmay_shop_mayhem, nicolae_water_bricks
Temple:   pdpol_scorched_temple
Lair:1:   layout_regular_city, portal_ice_cave_entry_pillars_2,
          chequers_serial_rivers_micro_b, chequers_serial_rivers_room_a,
          grunt_megastairs_5
Lair:2:   layout_misc_corridors, nicolae_shoals_entry_roost,
          gammafunk_lair_bear_cave, uniq_gastronok, uniq_nergalle

Skill      XL: |  1  2  3  4  5  6  7  8  9 10 11 12 |
---------------+-------------------------------------+-----
Dodging        | 3 4 5 7 9 11 12 14 | 14.0
Ranged Weapons | 5 6 9 10 12 13 | 13.5
Fighting       | 2 3 4 5 |  5.0
Invocations    | 4 6 9 10 | 10.1
Stealth        | |  1.5

Action                     |  1- 3 |  4- 6 |  7- 9 | 10-12 || total
---------------------------+-------+-------+-------+-------++-------
   Fire: Shortbow          |    75 |   116 |   519 |       ||   710
         Orcbow            |       |       |    31 |   716 ||   747
 Invoke: Heroism           |       |       |     3 |     1 ||     4
         Finesse           |       |       |       |    10 ||    10
    Use: Scroll            |       |     2 |     9 |     5 ||    16
         Potion            |       |     1 |     5 |     4 ||    10
 Armour: Robe              |    11 |     9 |    77 |   122 ||   219
  Dodge: Dodged            |    28 |    43 |   292 |   482 ||   845

Table legend:
 A = Non-vault XP
 B = Vault XP
 C = Vault XP percentage of total XP
 D = Non-vault monster count
 E = Vault monster count
 F = Vault count percentage of total count
                 A         B        C        D         E       F
            +---------+---------+-------+---------+---------+-------
      Total |   17250 |    8559 |  33.2 |     206 |      66 |  24.3
            +---------+---------+-------+---------+---------+-------
        D:1 |      32 |       0 |   0.0 |      18 |       0 |   0.0
        D:2 |     275 |      72 |  20.7 |      29 |       2 |   6.5
        D:3 |     229 |     292 |  56.0 |      17 |      17 |  50.0
        D:4 |     183 |     673 |  78.6 |      12 |       7 |  36.8
        D:5 |     417 |      36 |   7.9 |      19 |       1 |   5.0
        D:6 |    1068 |       0 |   0.0 |      20 |       0 |   0.0
        D:7 |    1360 |       6 |   0.4 |      20 |       3 |  13.0
        D:8 |    1349 |     842 |  38.4 |      11 |       1 |   8.3
        D:9 |    2080 |    1680 |  44.7 |      17 |      11 |  39.3
     Lair:1 |   10169 |    2769 |  21.4 |      42 |       7 |  14.3
     Lair:2 |      88 |    1960 |  95.7 |       1 |       3 |  75.0
      Sewer |       0 |     229 | 100.0 |       0 |      14 | 100.0
            +---------+---------+-------+---------+---------+-------
